 Dungeon Crawl Stone Soup version 0.18-a0-1229-ge9a1a01 (webtiles) character file.

112 BlackAndWhite the Grave Robber (level 4, -8/32 HPs)
             Began as a Vampire Necromancer on Feb 4, 2016.
             Mangled by an ogre
             ... wielding a +0 giant spiked club
              (23 damage)
             ... on level 2 of the Dungeon.
             The game lasted 00:04:52 (2519 turns).

BlackAndWhite the Grave Robber (VpNe)               Turns: 2519, Time: 00:04:52

Health: -8/32      AC:  2    Str:  7    XL:     4   Next: 63%
Magic:  3/7        EV: 13    Int: 18    God:
Gold:   113        SH:  0    Dex: 14    Spells: 2 memorised, 3 levels left

rFire  . . .     SeeInvis +     e - +0 dagger
rCold  + . .     Gourm    .     a - +0 robe
rNeg   + + .     Faith    .     (no shield)
rPois  +         Spirit   .     (no helmet)
rElec  .         Dismiss  .     (no cloak)
rCorr  .         Reflect  .     (no gloves)
SustAt .         Harm     .     (no boots)
MR     .....                    (no amulet)
Stlth  +++.......               (no ring)
                                d - ring of wizardry

@: regenerating slowly, not resistant to hostile enchantments, fairly stealthy
A: fangs 3, see invisible, unbreathing
a: Bat Form


You were on level 2 of the Dungeon.
You were thirsty.

You visited 1 branch of the dungeon, and saw 2 of its levels.

You collected 113 gold pieces.

Inventory:

Hand Weapons
 e - a +0 dagger (weapon)
Armour
 a - a +0 robe (worn)
Jewellery
 d - a ring of wizardry (left hand)
Scrolls
 f - a scroll of enchant armour {unknown}
Potions
 c - 5 potions of blood
 g - 2 potions of curing {unknown}
Books
 b - a book of Necromancy

   Spells                             Type                      Level
   a - Pain                           Necromancy                   1
   b - Animate Skeleton               Necromancy                   1
   c - Vampiric Draining              Necromancy                   3
   d - Regeneration                   Charms/Necromancy            3
   e - Animate Dead                   Necromancy                   4
   f - Control Undead                 Necromancy                   4


   Skills:
 + Level 1.0 Fighting
 + Level 2.7 Dodging
 + Level 4.8 Stealth
 + Level 2.6 Spellcasting
 * Level 5.2 Necromancy


You had 3 spell levels left.
You knew the following spells:

 Your Spells              Type           Power        Failure   Level  Hunger
a - Pain                  Necr           ###.         1%          1    #......
b - Animate Dead          Necr           N/A          10%         4    #####..


Dungeon Overview and Level Annotations

Branches:
Dungeon (2/15)

Altars:


Innate Abilities, Weirdness & Mutations

You heal slowly.
You have razor-sharp teeth.
You have supernaturally acute eyesight.
You can survive without breathing.


Message History

Your bat zombie crumbles into dust!
Your ball python zombie bites the ogre but does no damage.
Casting: Pain
Confirm with . or Enter, or press ? or * to list all spells.
You can't see any susceptible monsters within range! (Use Z to cast anyway.) Unknown command.
Your adder zombie barely misses the ogre.
Your ball python zombie barely misses the ogre.
A giant cockroach comes into view.
You see here an adder skeleton.
A bat comes into view.
Casting: Pain
Confirm with . or Enter, or press ? or * to list all spells.
Aiming: Pain
Press: ? - help, Shift-Dir - straight line, f/p - ogre
Aim: an ogre, wielding a giant spiked club (moderately wounded, chance to defeat MR: 80%)
The ogre convulses in agony!
The ogre hits you with a giant spiked club!!
Ouch! That really hurt!
You die...

# #....+ # ..
#....# ###..
#....#### .....
#########.......#
.....
'......##.$...#.#
.....
#........#.# #
.....
#........#.#
.....
#[.......#.# #
.....
#......@O###.#
.....
#.......ZZ...#'#.
...##
###+##.......s.s.
...# #...........
#### #.....b.....
#...........
#...........
#.S.........
#.....>.....


You could see an ogre, an adder, a giant cockroach, a bat, a friendly ball
python zombie and a friendly adder zombie.

Vanquished Creatures
  6 adders (D:2)
  3 oozes
  A giant gecko (D:1)
  A giant cockroach (D:1)
  5 goblins
  3 hobgoblins
  A ball python (D:1)
  9 bats
  3 giant newts (D:1)
  3 kobolds
  3 rats
38 creatures vanquished.

Vanquished Creatures (collateral kills)
  An adder (D:2)
  A ball python (D:2)
  A rat (D:2)
3 creatures vanquished.

Grand Total: 41 creatures vanquished

Notes
Turn   | Place    | Note
--------------------------------------------------------------
     0 | D:1      | BlackAndWhite the Vampire Necromancer began the quest for the Orb.
     0 | D:1      | Reached XP level 1. HP: 13/13 MP: 3/3
   355 | D:1      | Reached XP level 2. HP: 15/20 MP: 0/5
  1419 | D:2      | Reached XP level 3. HP: 25/25 MP: 6/6
  1683 | D:2      | Reached XP level 4. HP: 27/31 MP: 4/7
  1763 | D:2      | Reached skill level 5 in Necromancy
  1797 | D:2      | Learned a level 4 spell: Animate Dead
  1841 | D:2      | Reached skill level 1 in Fighting
  2512 | D:2      | Noticed an ogre
  2519 | D:2      | Mangled by an ogre

Vault maps used:
D:1:      dpeg_arrival_line_fractal, minmay_misc_feat_columns, minivault_23,
          minmay_crystal_room

Action                   |  1- 3 |  4- 6 || total
-------------------------+-------+-------++-------
Melee: Unarmed           |     6 |       ||     6
       Dagger            |     7 |       ||     7
 Cast: Pain              |    48 |    24 ||    72
       Animate Dead      |       |     2 ||     2
  Use: Potion            |       |     2 ||     2
 Stab: Sleeping          |     3 |       ||     3
